 Dungeon Crawl Stone Soup version 0.28-a0-948-gee6e0bcda6 (webtiles) character file.

Game seed: 14946330308850477191

639 Glundar the Skirmisher (level 7, 0/44 HPs)
             Began as a Gargoyle Berserker on Nov 30, 2021.
             Was a Believer of Trog.
             Slain by Duvessa (17 damage)
             ... on level 3 of the Dungeon.
             The game lasted 00:16:16 (3753 turns).

Glundar the Skirmisher (Gargoyle Berserker)         Turns: 3753, Time: 00:16:17

Health: 0/44       AC: 18    Str: 29    XL:     7   Next: 50%
Magic:  7/7        EV: 11    Int:  7    God:    Trog [**....]
Gold:   147        SH:  0    Dex:  9    Spells: 6/6 levels left

rFire   . . .      SeeInvis .   a - +2 demon whip (drain)
rCold   . . .      Faith    .   (no shield)
rNeg    + . .      Spirit   .   r - +0 scale mail
rPois   ∞          Reflect  .   f - +0 helmet
rElec   +          Harm     .   (no cloak)
rCorr   .          Rampage  .   k - +0 pair of gloves
Will    ++...                   (no boots)
Stlth   ..........              h - amulet of regeneration
HPRegen 1.94/turn               v - +4 ring of protection
MPRegen 0.10/turn               s - +6 ring of strength

@: strong-willed, regenerating, studying Bows
A: sickness immunity, AC +4, negative energy resistance 1, electricity
resistance, torment resistance 1, petrification resistance
a: Renounce Religion, Berserk, Trog's Hand


You were on level 3 of the Dungeon.
You worshipped Trog.
Trog was pleased with you.
You visited 1 branch of the dungeon, and saw 5 of its levels.

You collected 147 gold pieces.

Inventory:

Hand Weapons
 a - a +2 demon whip of draining (weapon)
 b - a +1 hunting sling of flaming
 y - a +2 vorpal flail
 A - a +0 war axe
Missiles
 g - 30 sling bullets
 i - 21 poisoned darts (quivered)
 j - 111 stones
Armour
 f - a +0 helmet (worn)
 k - a +0 pair of gloves (worn)
 r - a +0 scale mail (worn)
Jewellery
 e - a ring of protection from fire
 h - an amulet of regeneration (around neck)
 s - a +6 ring of strength (right hand)
 v - a +4 ring of protection (left hand)
Scrolls
 d - 3 scrolls of identify {unknown}
 n - 2 scrolls of fog {unknown}
 o - a scroll of magic mapping {unknown}
 p - 3 scrolls of fear {unknown}
 q - 3 scrolls of vulnerability {unknown}
 u - a scroll of enchant armour {unknown}
 x - a scroll of immolation {unknown}
Potions
 c - a potion of curing
 l - a potion of magic {unknown}
 m - a potion of lignification {unknown}
 t - 2 potions of might {unknown}
 w - a potion of resistance {unknown}
 z - a potion of brilliance {unknown}


   Skills:
 + Level 5.1 Fighting
 - Level 4.0(4.2) Axes
 + Level 2.0(3.4) Maces & Flails
 + Level 2.4 Slings
 + Level 4.2 Armour
 + Level 3.1 Dodging
 - Level 0.5 Stealth


You had 6 spell levels left.
You didn't know any spells.
Your spell library was empty.

Dungeon Overview and Level Annotations

Branches:
Dungeon (5/15)
 Temple: D:4-7

Altars:
Cheibriados

Shops:
D:3 [   D:4 *

Annotations:
D:3 Duvessa
D:4 Pikel


Innate Abilities, Weirdness & Mutations

You are immune to sickness and miasma.
Your stone body is resilient. (AC +4)
You are immune to poison.
You resist negative energy. (rN+)
You are resistant to electric shocks. (rElec)
You are resistant to unholy torment.
You are immune to petrification.


Message History

Found a stone staircase leading down.
Found a ring mail.
There is a stone staircase leading down here.
You climb downwards.
The hound barks!
Found 13 arrows.
There is a stone staircase leading up here.
The hound barely misses you. The hound bites you but does no damage.
You climb upwards.
Level annotation: Duvessa, Pikel
There is a stone staircase leading down here.
You whack the hound! You drain the hound.
The hound is almost dead.
The hound bites you but does no damage. The hound barely misses you.
You whack the hound!
You kill the hound!
Trog accepts your kill.
Your base Maces & Flails skill increases to level 2!
Duvessa shouts!
Duvessa goes berserk!
You see here 4 gold pieces.
Duvessa hits you with a +0 scimitar!
You hit Duvessa.
Duvessa is lightly wounded.
Duvessa hits you with a +0 scimitar! Duvessa closely misses you.
You hit Duvessa.
Duvessa is moderately wounded.
Duvessa hits you with a +0 scimitar!!
* * * LOW HITPOINT WARNING * * *
Duvessa closely misses you.
There is a stone staircase leading up here.
Duvessa closely misses you. x2
You climb upwards.
There is a stone staircase leading down here.
It was a potion of curing.
You feel better. Duvessa closely misses you.
Your skin crawls.
You feel strong-willed. Duvessa hits you with a +0 scimitar!
You die...

# # ### # #.# # #.# #
###.############# #
#...............#
#.#.###.#######.####
###..@................
#....e......###...####
#.....................
#.......#..#####..####
#.............###.....
#.......#..##.# #.....
#.......#..##.# #..###
#####.###..##.###..#..
####.....<.....).....


You could see Duvessa (berserk).

Vanquished Creatures
  A black bear (D:4)
  An ogre (D:4)
  A bullfrog (D:4)
  A water moccasin skeleton (D:4)
  Dowan (D:4)
  A centaur zombie (D:4)
  2 hounds (D:4)
  A jelly (D:3)
  An iron imp (D:3)
  Jessica (D:2)
  Ijyb (D:4)
  2 adders (D:2)
  An ufetubus (D:4)
  An adder skeleton (D:4)
  A worm (D:2)
  5 dart slugs
  6 orcs
  2 bats (D:1)
  2 endoplasms
  A giant cockroach (D:2)
  8 goblins
  3 hobgoblins
  3 kobolds
  2 quokkas
  5 ball pythons
  3 frilled lizards
  4 rats
61 creatures vanquished.

Notes
Turn   | Place    | Note
-------+----------+-------------------------------------------
     0 | D:1      | Glundar the Gargoyle Berserker began the quest for the Orb.
     0 | D:1      | Reached XP level 1. HP: 14/14 MP: 1/1
   304 | D:1      | Reached XP level 2. HP: 18/19 MP: 2/2
   441 | D:1      | Found a faded altar of an unknown god.
  1001 | D:1      | Reached XP level 3. HP: 20/24 MP: 3/3
  1377 | D:2      | Noticed Jessica
  1380 | D:2      | Killed Jessica
  1457 | D:2      | Reached ** piety under Trog
  1616 | D:2      | Reached XP level 4. HP: 29/29 MP: 4/4
  1712 | D:2      | Reached skill level 4 in Fighting
  2113 | D:3      | Found Wyrcha Iqo's Armour Boutique.
  2228 | D:4      | Noticed Pikel
  2228 | D:4      | Noticed a lemure
  2228 | D:4      | Noticed a lemure
  2229 | D:4      | Noticed a lemure
  2229 | D:4      | Noticed a lemure
  2360 | D:3      | Reached XP level 5. HP: 28/33 MP: 5/5
  2428 | D:3      | Found a snail-covered altar of Cheibriados.
  2959 | D:4      | Reached skill level 1 in Slings
  3118 | D:4      | Noticed Dowan
  3118 | D:4      | Noticed Duvessa
  3138 | D:4      | Killed Dowan
  3139 | D:4      | Reached XP level 6. HP: 39/39 MP: 6/6
  3338 | D:5      | Entered Level 5 of the Dungeon
  3352 | D:4      | Found Ijiaghesh's Lightly-Used Armoury.
  3549 | D:4      | Reached skill level 1 in Maces & Flails
  3549 | D:4      | Reached XP level 7. HP: 43/44 MP: 7/7
  3584 | D:4      | Reached skill level 5 in Fighting
  3665 | D:4      | Noticed Ijyb
  3687 | D:4      | Killed Ijyb
  3747 | D:4      | HP: 2/44 [Duvessa (21)]
  3753 | D:3      | Slain by Duvessa

Illustrated notes

Levels and vault maps discovered:
D:1:      kilobyte_arrival_exit_the_forest, layout_basic,
          hellmonk_ecumenical_altar_heavens_door
D:2:      layout_loops_ring, uniq_jessica
D:3:      layout_basic, slow_altar_2, serial_shops,
          nicolae_shop_temple_entry_statues_fountains, serial_bayou_pond_b,
          kennysheep_generic_room_5
D:4:      layout_layer_cave, minmay_shop_damaged, minmay_manual_mullet,
          uniq_pikel, uniq_ijyb, uniq_duvessa
D:5:      layout_gridville

Skill      XL: |  1  2  3  4  5  6  7 |
---------------+----------------------+-----
Axes           | 3 4 |  4.0
Dodging        | 2 3 |  3.1
Fighting       | 4 5 |  5.1
Armour         | 3 4 |  4.2
Slings         | 1 2 |  2.4
Maces & Flails | 1 2 |  2.0
Stealth        | |  0.5

Action                   |  1- 3 |  4- 6 |  7- 9 || total
-------------------------+-------+-------+-------++-------
Melee: Hand axe          |    57 |       |       ||    57
       War axe           |    11 |    85 |       ||    96
       Demon whip        |       |    13 |    41 ||    54
 Fire: Hunting sling     |       |     2 |       ||     2
Invok: Trog's Hand       |       |       |     2 ||     2
  Use: Potion            |       |       |     1 ||     1
Armor: Animal skin       |     6 |       |       ||     6
       Ring mail         |    17 |     7 |       ||    24
       Scale mail        |       |    43 |    22 ||    65
Dodge: Dodged            |    41 |    60 |    33 ||   134

Table legend: (Time is in decaauts)
 A = Elapsed time spent in this place.
 B = Non-inter-level travel time spent in this place.
 C = Inter-level travel time spent in this place.
 D = Time resting spent in this place.
 E = Time spent auto-exploring this place.
 F = Levels seen in this place.
 G = Mean time per level.
                   A        B        C        D        E       F      G
               +--------+--------+--------+--------+--------+-----+--------+
         Total |   3809 |   3715 |     94 |    149 |   2044 |   5 |  761.8 |
       Dungeon |   3809 |   3715 |     94 |    149 |   2044 |   5 |  761.8 |
               +--------+--------+--------+--------+--------+-----+--------+

Top non-repeatable levels by time:
     D:1: 1352 daAuts
     D:4: 890 daAuts
     D:3: 784 daAuts
     D:2: 754 daAuts
     D:5: 27 daAuts
